 Dungeon Crawl Stone Soup version 0.26.1-2-gb8aa6d0cf2 (webtiles) character file.

Game seed: 9602495616864482585

17528 Almogavar the Basher (level 12, -2/114 HPs)
             Began as a Gargoyle Fighter on Mar 23, 2021.
             Was an Elder of Makhleb.
             Slain by a salamander (shapeshifter) (10 damage)
             ... on level 11 of the Dungeon.
             The game lasted 00:44:17 (13990 turns).

Almogavar the Basher (Gargoyle Fighter)            Turns: 13990, Time: 00:44:18

Health: -2/114     AC: 27    Str: 25    XL:     12   Next: 49%
Magic:  12/12      EV: 11    Int:  9    God:    Makhleb [****..]
Gold:   837        SH: 12    Dex:  9    Spells: 11/11 levels left

rFire    . . .     SeeInvis .   m - +0 flail (vorpal)
rCold    . . .     Faith    .   c - +0 kite shield
rNeg     + + .     Spirit   .   N - +0 pearl dragon scales
rPois    ∞         Reflect  .   l - +0 helmet
rElec    +         Harm     .   j - +1 cloak
rCorr    .         Rampage  .   (no gloves)
Will     .....                  s - +0 pair of boots
Stlth    ..........             (no amulet)
HPRegen  0.29/turn              G - +4 ring of slaying
MPRegen  0.13/turn              (no ring)

@: berserking (expiring), very quick
A: negative energy resistance 1, electricity resistance, unbreathing,
petrification resistance, miasma immunity, AC +8
a: Renounce Religion, Minor Destruction, Lesser Servant of Makhleb, Major
Destruction


You were on level 11 of the Dungeon.
You worshipped Makhleb.
Makhleb was greatly pleased with you.
You visited 2 branches of the dungeon, and saw 13 of its levels.

You collected 837 gold pieces.

Inventory:

Hand Weapons
 m - a +0 vorpal flail (weapon)
 v - the +9 heavy crossbow "Sniper" {vorpal, Acc+∞ SInv}
   (You found it on level 6 of the Dungeon)

   Any bolt fired from it inflicts extra damage.
   It lets you see invisible.
Missiles
 h - 76 bolts
Armour
 c - a +0 kite shield (worn)
 j - a +1 cloak (worn)
 k - a +0 chain mail
 l - a +0 helmet (worn)
 s - a +0 pair of boots (worn)
 D - +0 acid dragon scales
 E - a +0 plate armour
 F - a +3 scale mail of cold resistance
 N - +0 pearl dragon scales (worn)
Jewellery
 G - a +4 ring of slaying (left hand)
Wands
 i - a wand of acid (7)
 r - a wand of iceblast (16)
 y - a wand of polymorph (9)
 L - a wand of enslavement (12)
Scrolls
 a - a scroll of fear
 b - 5 scrolls of magic mapping
 e - 2 scrolls of amnesia
 f - 6 scrolls of remove curse
 n - 3 scrolls of fog
 p - 4 scrolls of teleportation
 w - a scroll of silence
 x - a scroll of blinking
 A - 2 scrolls of enchant weapon
 B - 2 scrolls of enchant armour {unknown}
 H - a scroll of brand weapon {unknown}
 M - a scroll of immolation {unknown}
Potions
 d - 2 potions of might
 o - 2 potions of flight {unknown}
 q - 3 potions of brilliance {unknown}
 t - 3 potions of curing {unknown}
 u - a potion of mutation {unknown}
 z - a potion of invisibility {unknown}
 I - a potion of lignification {unknown}
 J - a potion of degeneration {unknown}
 K - a potion of haste


   Skills:
 + Level 9.3 Fighting
 + Level 12.8 Maces & Flails
 + Level 7.6 Armour
 + Level 4.8 Dodging
 + Level 2.3 Stealth
 + Level 11.3 Shields


You had 11 spell levels left.
You didn't know any spells.
Your spell library contained the following spells:

 Spells                   Type           Power        Failure   Level
 Magic Dart               Conj           0%           86%         1
 Blink                    Tloc           N/A          94%         2
 Call Imp                 Summ           0%           94%         2
 Slow                     Hex            0%           94%         2
 Conjure Flame            Conj/Fire      0%           99%         3
 Mephitic Cloud           Conj/Pois/Air  0%           99%         3


Dungeon Overview and Level Annotations

Branches:
Dungeon (12/15)            Temple (1/1) D:6            Lair (0/6) D:8
    Orc (0/2) D:12

Altars:
Ashenzari
Cheibriados
Dithmenos
Elyvilon
Fedhas
Gozag
Hepliaklqana
Kikubaaqudgha
Makhleb
Nemelex Xobeh
Okawaru
Qazlal
Ru
Sif Muna
Trog
Uskayaw
Vehumet
Wu Jian
Xom
Yredelemnul
Zin
The Shining One

Shops:
D:7 *   D:9 (


Innate Abilities, Weirdness & Mutations

You are resistant to torment.
Your stone body is resilient. (AC +8)
You are immune to poison.
You resist negative energy. (rN+)
You are resistant to electric shocks. (rElec)
You can survive without breathing.
You are immune to petrification.
You are immune to miasma.


Message History

You block the harpy's attack. x3; The harpy claws you.
* * * LOW HITPOINT WARNING * * *
You climb upwards.
The harpy screeches!
There is a stone staircase leading down here.
Okay, then.
A red film seems to cover your vision as you go berserk!
You feel yourself moving faster!
You feel mighty! You block the harpy's attack. x2
You feel a strong urge to attack something.
The harpy screeches!
The harpy changes into a salamander!
There is a stone staircase leading down here.
You feel your anger nearly subside. You block the salamander's attack.
You sock the salamander!
The salamander is lightly wounded.
The salamander hits you.
* * * LOW HITPOINT WARNING * * *
You are engulfed in flames!
You die...

#### #..# #.........# ...#
########..# #.........# ...#
#.........# #.........# ...#
#.........# #..######.# ...#
#.........#######..#....#..
...####...........^......#....#..
.........................#....'..
...............N.........#....#..
................@>....(..######..
.................................
..............[[.................
#########.[....)####.##''#####...
.......[..[........#.#.......#...
.........[.........#.#.......#...
.................###.#.......#...
.....................#########...
.................................


You could see a salamander shaped shifter.

Vanquished Creatures
  Harold (D:9)
  Fannar (D:12)
  A boulder beetle (D:10)
  3 two-headed ogres
  2 death yaks (D:7)
  2 unseen horrors
  An obsidian statue (D:11)
  A cyclops (D:11)
  2 ugly things
  Joseph (D:8)
  A gargoyle (D:11)
  Maggie (D:9)
  5 trolls
  A shadow (D:12)
  10 yaks
  A wraith (D:9)
  Grum (D:11)
  2 acid dragons
  4 orc warriors
  3 ice beasts
  A black bear (D:9)
  3 sky beasts
  A necrophage (D:6)
  3 ogres
  2 phantoms
  2 wolves (D:11)
  3 centaurs
  3 big kobolds
  6 bullfrogs
  A wyvern skeleton (D:11)
  3 scorpions
  A troll zombie (D:9)
  14 killer bees
  A howler monkey (D:5)
  A wight (D:9)
  5 electric eels (D:8)
  A centaur zombie (D:8)
  3 centaur skeletons
  4 hounds
  2 human zombies (D:9)
  6 jellies
  4 orc priests
  10 orc wizards
  2 iguanas
  2 human skeletons (D:9)
  8 worker ants
  2 hell rats (D:8)
  2 killer bee zombies (D:8)
  An ogre zombie (D:9)
  3 mummies (D:9)
  Robin (D:3)
  A howler monkey skeleton (D:5)
  11 adders
  3 river rats (D:8)
  A shadow imp (D:5)
  4 white imps
  3 ufetubi
  2 oozes
  An adder zombie (D:5)
  2 adder skeletons (D:4)
  2 worms
  10 leopard geckos
  51 orcs
  7 bats
  9 giant cockroaches
  21 goblins
  10 hobgoblins
  12 jackals
  19 kobolds
  9 quokkas
  3 ball pythons
  5 frilled lizards
  A giant cockroach zombie (D:5)
  A leopard gecko zombie (D:5)
  An orc zombie (D:9)
  A quokka skeleton (D:6)
  6 rats
341 creatures vanquished.

Vanquished Creatures (others)
  52 plants (D:8)
52 creatures vanquished.

Grand Total: 393 creatures vanquished

Notes
Turn   | Place    | Note
-------+----------+-------------------------------------------
     0 | D:1      | Almogavar the Gargoyle Fighter began the quest for the Orb.
     0 | D:1      | Reached XP level 1. HP: 14/14 MP: 1/1
    97 | D:1      | Reached XP level 2. HP: 19/19 MP: 2/2
   511 | D:1      | Reached XP level 3. HP: 21/23 MP: 3/3
  1045 | D:2      | Found a faded altar of an unknown god.
  1114 | D:2      | Reached skill level 3 in Maces & Flails
  1266 | D:2      | Reached XP level 4. HP: 28/28 MP: 4/4
  1291 | D:2      | Noticed a bullfrog
  1307 | D:2      | Killed a bullfrog
  1308 | D:2      | Reached XP level 5. HP: 8/33 MP: 5/5
  1885 | D:2      | Reached skill level 1 in Dodging
  2201 | D:3      | Found a stormy altar of Qazlal.
  2201 | D:3      | Noticed an air elemental
  2202 | D:3      | Noticed a fire elemental
  2202 | D:3      | Noticed a water elemental
  2240 | D:3      | Reached skill level 4 in Maces & Flails
  2368 | D:3      | Noticed Robin
  2393 | D:3      | Killed Robin
  2619 | D:3      | Reached XP level 6. HP: 38/38 MP: 6/6
  3399 | D:4      | Noticed a phantom
  3422 | D:4      | Killed a phantom
  3490 | D:4      | Reached skill level 5 in Shields
  4081 | D:5      | Entered Level 5 of the Dungeon
  4118 | D:5      | Reached XP level 7. HP: 43/43 MP: 7/7
  4187 | D:5      | Reached skill level 5 in Maces & Flails
  4889 | D:5      | Reached XP level 8. HP: 47/48 MP: 8/8
  4962 | D:6      | Reached skill level 6 in Maces & Flails
  4985 | D:6      | Found a staircase to the Ecumenical Temple.
  4991 | Temple   | Entered the Ecumenical Temple
  5215 | Temple   | Became a worshipper of Makhleb the Destroyer
  5325 | D:6      | Found the +9 heavy crossbow "Sniper" {vorpal, Acc+∞ SInv}
  5525 | D:6      | Reached skill level 5 in Armour
  6050 | D:7      | Reached * piety under Makhleb
  6285 | D:7      | Reached skill level 7 in Maces & Flails
  6440 | D:7      | Found an opulent altar of Gozag.
  6474 | D:7      | Found Motass's Blasphemy Boutique.
  6474 | D:7      | Found an ancient bone altar of Kikubaaqudgha.
  6645 | D:8      | Noticed Joseph
  6673 | D:8      | Killed Joseph
  6674 | D:8      | Reached skill level 5 in Fighting
  6674 | D:8      | Reached XP level 9. HP: 17/54 MP: 9/9
  7069 | D:8      | Reached skill level 8 in Maces & Flails
  7249 | D:8      | Noticed a death yak
  7250 | D:8      | Noticed a death yak
  7259 | D:8      | Noticed a death yak
  8032 | D:8      | Found a radiant altar of Vehumet.
  8068 | D:8      | Found a staircase to the Lair.
  8171 | D:8      | Reached ** piety under Makhleb
  8598 | D:7      | Killed a death yak
  8599 | D:7      | Reached skill level 9 in Maces & Flails
  8745 | D:7      | HP: 2/55 [death yak (14)]
  8749 | D:7      | Killed a death yak
  8750 | D:7      | Reached XP level 10. HP: 52/60 MP: 10/10
  9532 | D:9      | Found Etoelot's Weapon Emporium.
  9557 | D:9      | Found a blossoming altar of Fedhas.
  9557 | D:9      | Found an iron altar of Okawaru.
  9558 | D:9      | Found a sacrificial altar of Ru.
  9575 | D:9      | Found a shadowy altar of Dithmenos.
  9575 | D:9      | Found an ancient bone altar of Kikubaaqudgha.
  9775 | D:9      | Noticed Maggie
  9802 | D:9      | Killed Maggie
  9803 | D:9      | Reached skill level 10 in Maces & Flails
 10020 | D:9      | Noticed a two-headed ogre
 10032 | D:9      | Killed a two-headed ogre
 10469 | D:9      | Noticed Harold
 10507 | D:9      | Killed Harold
 10508 | D:9      | Reached skill level 1 in Stealth
 10790 | D:9      | Found a basalt altar of Yredelemnul.
 10811 | D:9      | Reached XP level 11. HP: 67/67 MP: 11/11
 10924 | D:9      | Noticed a two-headed ogre
 10966 | D:8      | Reached skill level 11 in Maces & Flails
 11130 | D:8      | Killed a two-headed ogre
 11524 | D:10     | Entered Level 10 of the Dungeon
 11601 | D:10     | Reached *** piety under Makhleb
 11814 | D:10     | Killed an unseen horror
 11908 | D:10     | Reached skill level 10 in Shields
 12218 | D:10     | Noticed a boulder beetle
 12252 | D:10     | Killed a boulder beetle
 12768 | D:11     | Noticed a two-headed ogre
 12780 | D:11     | Killed a two-headed ogre
 12781 | D:11     | Reached skill level 12 in Maces & Flails
 13026 | D:11     | Reached **** piety under Makhleb
 13029 | D:11     | Reached XP level 12. HP: 75/75 MP: 12/12
 13250 | D:11     | Noticed Grum
 13259 | D:11     | Killed Grum
 13370 | D:11     | Noticed a sun demon
 13820 | D:12     | Found a staircase to the Orcish Mines.
 13932 | D:12     | Noticed a fire dragon
 13932 | D:12     | Noticed Fannar
 13940 | D:12     | Noticed a death knight
 13944 | D:12     | Killed Fannar
 13990 | D:11     | Slain by a salamander (shapeshifter)

Illustrated notes

Levels and vault maps discovered:
D:1:      mushboom_english_gardens, layout_basic, serial_bayou_pond_e
D:2:      minmay_razor_zed, layout_loops_cross, chequers_ecumenical_altar_simple
D:3:      layout_loops_corners, nicolae_qazlal_style_of_elements, uniq_robin
D:4:      layout_loops_ring, corexii_checkpoint_b
D:5:      layout_gridville
D:6:      layout_loops_ring, minmay_temple_entry_fiery
D:7:      layout_rooms, nicolae_gozag_cash_rules_everything_around_me,
          nicolae_evil_shop
D:8:      layout_loops_ring, dpeg_lair_monsters, serial_bayou,
          serial_bayou_ford_a, serial_bayou_lagoon_a, serial_bayou_lake_a,
          serial_bayou_pond_e, basic_altar, uniq_joseph
D:9:      layout_cave_pods, grunt_temple_overflow_open,
          lemuel_mausoleum_altar_yredelemnul, serial_shops,
          nicolae_shop_temple_entry_statues_fountains, minmay_strange_pillars,
          uniq_maggie, uniq_harold
D:10:     layout_rooms, grunt_ministairs_8
D:11:     layout_irregular_city, serial_column_ruins, column_ruins_hut_water,
          column_ruins_circle_medium, column_ruins_columns_corner,
          column_ruins_open_medium, column_ruins_open_tiny,
          column_ruins_open_large, column_ruins_grid_1, minivault_16, uniq_grum
D:12:     minmay_the_grid_four_pointed_star
          [minmay_the_grid_triangle_9x9_sparse_checkered,
          minmay_the_grid_triangle_9x9_sprig,
          minmay_the_grid_triangle_9x9_skeleton,
          minmay_the_grid_triangle_9x9_warning,
          minmay_the_grid_prize_trominoes], layout_gridville,
          nemelex_xobeh_ov_fountains_minmay, uniq_fannar
Temple:   regret_index_temple_waves

Skill      XL: |  1  2  3  4  5  6  7  8  9 10 11 12 |
---------------+-------------------------------------+-----
Maces & Flails | 3 4 5 7 9 10 12 | 12.8
Shields        | 4 5 6 7 8 9 10 11 | 11.3
Dodging        | 1 2 3 4 |  4.8
Armour         | 4 5 7 |  7.6
Fighting       | 4 5 6 7 8 9 |  9.3
Stealth        | 1 2 |  2.3

Action                   |  1- 3 |  4- 6 |  7- 9 | 10-12 || total
-------------------------+-------+-------+-------+-------++-------
Melee: Flail             |   156 |   288 |   589 |   749 ||  1782
  Use: Scroll            |       |     7 |     5 |     4 ||    16
       Potion            |       |       |     3 |     1 ||     4
 Stab: Sleeping          |       |       |       |     1 ||     1
Armor: Scale mail        |    82 |    31 |       |       ||   113
       Chain mail        |       |   139 |   337 |    57 ||   533
       Swamp dragon scal |       |       |       |   268 ||   268
       Pearl dragon scal |       |       |       |    28 ||    28
Dodge: Dodged            |    52 |    66 |   146 |   260 ||   524
Block: Kite shield       |    82 |   165 |   276 |   412 ||   935
